 Dungeon Crawl Stone Soup version 0.17-a0-913-g36eb389 (webtiles) character file.

224 drasked the Poker (level 6, -2/51 HPs)
             Began as a Hill Orc Fighter on May 3, 2015.
             Slain by an ogre
             ... wielding a +0 giant spiked club
              (14 damage)
             ... on level 4 of the Dungeon.
             The game lasted 00:07:50 (4610 turns).

drasked the Poker (Hill Orc Fighter)                Turns: 4610, Time: 00:07:50

Health: -2/51      AC:  6    Str: 19    XL:     6   Next: 0%
Magic:  6/6        EV:  7    Int: 10    God:
Gold:   170        SH:  9    Dex: 10    Spells: 0 memorised, 5 levels left

rFire  . . .     SeeInvis .     a - +0 trident
rCold  . . .     Clarity  .     b - +0 scale mail
rNeg   . . .     SustAb   .     c - +0 shield
rPois  .         Gourm    .     (no helmet)
rElec  .         Spirit   .     (no cloak)
rCorr  .         Warding  .     (no gloves)
rMut   .         Stasis   .     (no boots)
MR     .....                    (no amulet)
Stlth  ..........               (no ring)
                                (no ring)

@: not resistant to hostile enchantments, extremely unstealthy
A: no striking features
a: no special abilities


You were on level 4 of the Dungeon.
You were very hungry.

You visited 1 branch of the dungeon, and saw 4 of its levels.

You collected 170 gold pieces.

Inventory:

Hand weapons
 a - a +0 trident (weapon)
Missiles
 v - a throwing net {=f, !d}
Armour
 b - a +0 scale mail (worn)
 c - a +0 shield (worn)
 o - a +2 helmet
   (You took it off Robin on level 3 of the Dungeon)
 q - a +0 cloak
   (You found it on level 3 of the Dungeon)
 s - the +2 ring mail "Dalaim" {Contam +Inv rC+ rCorr, unknown}
   (You found it on level 4 of the Dungeon)

   It protects you from cold.
   It lets you turn invisible.
   It causes magical contamination when unequipped.
   It protects you from acid and corrosion.
Jewellery
 j - a +5 ring of protection {unknown}
   (You found it on level 1 of the Dungeon)
 p - an uncursed ring of poison resistance {unknown}
   (You found it on level 3 of the Dungeon)
 t - a cursed ring of loudness {unknown}
   (You found it on level 4 of the Dungeon)
Scrolls
 f - 5 scrolls of identify {unknown}
 i - a scroll of random uselessness {unknown}
 l - 2 scrolls of enchant armour {unknown}
 m - a scroll of blinking {unknown}
 r - 2 scrolls of enchant weapon {unknown}
 w - a scroll of fog {unknown}
 x - a scroll of teleportation {unknown}
Potions
 d - a potion of might
 h - 2 potions of brilliance {unknown}
 k - a potion of agility {unknown}
 n - 2 potions of curing {unknown}
Books
 u - a book of Cantrips
   (You found it on level 4 of the Dungeon)
Comestibles
 e - 6 bread rations {@e1}
 g - 3 meat rations {@e2}


   Skills:
 - Level 3.6 Fighting
 + Level 6.6 Polearms
 - Level 3.2 Armour
 - Level 3.2 Shields


You had 5 spell levels left.
You didn't know any spells.

Dungeon Overview and Level Annotations

Branches:
Dungeon (4/15)
 Temple: D:4-7

Altars:
Elyvilon
Gozag
Nemelex Xobeh
Sif Muna
Xom

Shops:
D:4 %


Message History

r - Retreat! s - Stop attacking. w - Wait here. f - Follow me.
Anything else - Stay silent.
Gang up on whom?
Aim: an ogre, wielding a giant spiked club (moderately wounded) Attack!
The goblin completely misses you. You block the goblin's attack.
The goblin barely misses you. What do you say? t - Shout!
Orders for allies: a - Attack new target. p - Attack previous target. r - Retreat! s - Stop attacking. w - Wait here. f - Follow me.
Anything else - Stay silent.
Gang up on whom?
Aim: an ogre, wielding a giant spiked club (moderately wounded) Attack!
The goblin hits you. The goblin hits you but does no damage.
The goblin barely misses you.
You take 1 damage, and have 35/45 hp.
What do you say? t - Shout!
Orders for allies: a - Attack new target. p - Attack previous target. r - Retreat! s - Stop attacking. w - Wait here. f - Follow me.
Anything else - Stay silent.
Gang up on whom?
Aim: an ogre, wielding a giant spiked club (moderately wounded) Attack!
The goblin hits you. The goblin hits you but does no damage.
You take 2 damage, and have 33/45 hp.
What do you say? t - Shout!
Orders for allies: a - Attack new target. p - Attack previous target. r - Retreat! s - Stop attacking. w - Wait here. f - Follow me.
Anything else - Stay silent.
Gang up on whom?
Aim: an ogre, wielding a giant spiked club (moderately wounded) Attack!
The goblin hits you with a club.
The goblin hits you but does no damage. x2
You take 1 damage, and have 32/45 hp.
What do you say? t - Shout!
Orders for allies: a - Attack new target. p - Attack previous target. r - Retreat! s - Stop attacking. w - Wait here. f - Follow me.
Anything else - Stay silent.
Gang up on whom?
Aim: an ogre, wielding a giant spiked club (moderately wounded) Attack!
You block the goblin's attack. The goblin hits you.
The goblin hits you but does no damage.
You take 3 damage, and have 29/45 hp. (m)acro, (M)acro raw, keymap [(k) default, (x) level-map, (t)argeting, (c)onfirm, m(e)nu], (s)ave?
Input macro trigger key: ` Current Action: ta.
Do you wish to (r)edefine, (c)lear, or (a)bort?
Cleared macro '`' => 'ta.'. (m)acro, (M)acro raw, keymap [(k) default, (x) level-map, (t)argeting, (c)onfirm, m(e)nu], (s)ave?
Aborting. (m)acro, (M)acro raw, keymap [(k) default, (x) level-map, (t)argeting, (c)onfirm, m(e)nu], (s)ave?
Aborting. (m)acro, (M)acro raw, keymap [(k) default, (x) level-map, (t)argeting, (c)onfirm, m(e)nu], (s)ave?
Aborting. (m)acro, (M)acro raw, keymap [(k) default, (x) level-map, (t)argeting, (c)onfirm, m(e)nu], (s)ave?
Aborting.
Attack whom?
Aim: an ogre, wielding a giant spiked club (moderately wounded)
You reach to attack!
You hit the ogre. The goblin closely misses you.
The goblin hits you but does no damage. You block the goblin's attack.
Attack whom?
Aim: an ogre, wielding a giant spiked club (moderately wounded)
You reach to attack!
You closely miss the ogre. You block the goblin's attack.
The goblin hits you with a dagger. You block the goblin's attack.
You take 1 damage, and have 29/45 hp.
Attack whom?
Aim: an ogre, wielding a giant spiked club (moderately wounded)
The goblin is in the way.
You hit the goblin.
You kill the goblin!
You have reached level 6!
Your experience leads to an increase in your attributes!
Increase (S)trength, (I)ntelligence, or (D)exterity?
You feel clever. The goblin hits you. The goblin hits you but does no damage.
You block the goblin's attack.
MP restored: 6 Attack whom?
Aim: an ogre, wielding a giant spiked club (moderately wounded)
The goblin is in the way.
You hit the goblin.
You kill the goblin!
The goblin barely misses you. You block the goblin's attack.
You barely miss the ogre. The ogre barely misses you.
You block the goblin's attack. The goblin hits you but does no damage.
You puncture the ogre! The goblin hits you but does no damage.
The ogre hits you with a giant spiked club!!
* * * LOW HITPOINT WARNING * * *
You block the goblin's attack.
You take 18 damage, and have 12/51 hp.
MASSIVE DAMAGE!!
Your shield and scale mail prevent you from hitting the ogre.
The goblin barely misses you. The goblin hits you but does no damage.
The ogre hits you with a giant spiked club!
You die...

### .# ### #.........##.....# #..
.. ..# #..#.#..#.###...## #.# .#
#.# #....#.# ##)## #.# .# #.#
##+#.∩.##.# #.# #.###.# #.#
##......##.####(### #.##..###.#
##....>#.#.....(...# #.##.##.#.#
##........#.#.#.(...#
#.##.#....###.........#.#...(...#
............'..g@g....'.......#.#
#.........###.##O##...##..(..##.#
####%##.### ###%%.#..###...######
#.#### #...#.## ##.##≈≈≈≈≈ #.#
#...### #.#≈≈≈≈≈≈ #.# #####
#.#≈≈≈≈≈≈ ... #.'..._≈≈ ...
###≈≈≈≈≈≈ ... ≈≈≈≈≈≈


You could see an ogre and 2 goblins.

Vanquished Creatures
  3 worker ants (D:4)
  Robin (D:3)
  3 adders
  4 gnolls (D:4)
  A worm (D:3)
  2 giant geckos (D:1)
  7 hobgoblins
  4 jackals (D:4)
  A ball python (D:3)
  12 bats
  5 giant cockroaches
  2 giant newts
  14 goblins
  10 kobolds
  A quokka (D:2)
  13 rats
83 creatures vanquished.

Notes
Turn   | Place    | Note
--------------------------------------------------------------
     0 | D:1      | drasked, the Hill Orc Fighter, began the quest for the Orb.
     0 | D:1      | Reached XP level 1. HP: 19/19 MP: 1/1
   171 | D:1      | Reached XP level 2. HP: 26/26 MP: 2/2
   221 | D:1      | Reached skill level 3 in Polearms
  1154 | D:2      | Reached XP level 3. HP: 31/31 MP: 3/3
  1236 | D:2      | Reached skill level 4 in Polearms
  1842 | D:2      | HP: 7/31 [adder (1)]
  1912 | D:2      | Found an opulent altar of Gozag.
  1913 | D:2      | Found a sparkling altar of Nemelex Xobeh.
  2126 | D:2      | Found a deep blue altar of Sif Muna.
  2390 | D:2      | Reached XP level 4. HP: 39/39 MP: 4/4
  2447 | D:3      | Noticed Robin
  2482 | D:3      | Killed Robin
  2752 | D:3      | Reached skill level 5 in Polearms
  2865 | D:3      | Found a white marble altar of Elyvilon.
  3413 | D:4      | Got a polished ring mail
  3531 | D:4      | HP: 9/39 [poisoned by a worker ant]
  3537 | D:4      | HP: 7/39 [poisoned by a worker ant]
  3543 | D:4      | HP: 6/39 [poisoned by a worker ant]
  3551 | D:4      | HP: 5/39 [poisoned by a worker ant]
  3876 | D:4      | Reached XP level 5. HP: 42/45 MP: 5/5
  4053 | D:4      | Reached skill level 6 in Polearms
  4519 | D:4      | Found Mykhehep's Food Shop.
  4567 | D:4      | Found a shimmering altar of Xom.
  4584 | D:4      | Noticed an ogre
  4606 | D:4      | Reached XP level 6. HP: 32/51 MP: 6/6
  4609 | D:4      | HP: 12/51 [ogre/giant spiked club (19)]
  4610 | D:4      | Slain by an ogre

Action                   |  1- 3 |  4- 6 || total
-------------------------+-------+-------++-------
Melee: Trident           |   140 |   197 ||   337
  Use: Potion            |     1 |       ||     1
  Eat: Chunk             |     5 |     6 ||    11

Vault maps used:
D:1:      erik_arrival_cave_to_civilisation
D:2:      grunt_temple_overflow_opulence, lemuel_coloured_pillars_altar
D:3:      old_standard_altar, first_bread, uniq_robin
D:4:      minitemple, serial_shops, nicolae_shop_stone, kennysheep_flooded_box,
          minmay_ogre_servants

Table legend:
 A = Turns spent in this place as a percentage of turns spent in the entire game.
 B = Non-inter-level travel turns spent in this place as a percentage of non-inter-level travel turns spent in the entire game.
 C = Inter-level travel turns spent in this place as a percentage of turns spent in this place.
 D = Turns resting spent in this place as a percentage of non-inter-level travel turns spent in this place.
 E = Turns spent auto-exploring this place as a percentage of non-inter-level travel turns spent in this place.
 F = Non-inter-level travel turns spent in this place divided by the number of levels of this place that you've seen.
                   A       B       C       D       E      F
               +-------+-------+-------+-------+-------+----------------------
         Total | 100.0 | 100.0 |   1.2 |   1.8 |  10.6 | 298.2
       Dungeon | 100.0 | 100.0 |   1.2 |   1.8 |  10.6 | 298.2
               +-------+-------+-------+-------+-------+----------------------

Table legend:
 A = Kills in this place as a percentage of kills in entire the game.
 B = Kills by you in this place as a percentage of kills by you in the entire game.
 C = Kills by friends in this place as a percentage of kills by friends in the entire game.
 D = Other kills in this place as a percentage of other kills in the entire game.
 E = Experience gained in this place as a percentage of experience gained in the entire game.
 F = Experience gained in this place divided by the number of levels of this place that you have seen.
                   A       B       C       D       E      F
               +-------+-------+-------+-------+-------+----------------------
         Total | 100.0 | 100.0 |  -nan |  -nan | 100.0 |  80.2
       Dungeon | 100.0 | 100.0 |  -nan |  -nan | 100.0 |  80.2
               +-------+-------+-------+-------+-------+----------------------
